 Dungeon Crawl Stone Soup version 0.30.0-18-gc0e69614cb (webtiles) character file.

Game seed: 4382986178008264905

51 PoweredByGinger the Chopper (level 3, -4/31 HPs)
             Began as a Minotaur Gladiator on May 23, 2023.
             Slain by a gnoll
             ... wielding a +0 spear
              (5 damage)
             ... on level 2 of the Dungeon.
             The game lasted 00:01:36 (1192 turns).

PoweredByGinger the Chopper (Minotaur Gladiator)    Turns: 1192, Time: 00:01:37

Health: -4/31      AC:  3    Str: 20    XL:     3   Next: 58%
Magic:  2/2        EV: 12    Int:  5    God:
Gold:   50         SH:  0    Dex: 11    Spells: 2/2 levels left

rFire   . . .        a - +0 war axe
rCold   . . .        (no shield)
rNeg    . . .        b - +0 leather armour
rPois   .            c - +0 hat
rElec   .            (no cloak)
rCorr   .            (no gloves)
SInv    .            (no boots)
Will    .....        (no amulet)
Stlth   +            (no ring)
HPRegen 0.25/turn    (no ring)
MPRegen 0.08/turn

%: no passive effects
@: no status effects
A: horns 2, retaliatory headbutt
a: no special abilities


You were on level 2 of the Dungeon.
You visited 1 branch of the dungeon, and saw 2 of its levels.

You collected 50 gold pieces.

Inventory:

Hand Weapons
 a - a +0 war axe (weapon)
Missiles
 d - 3 throwing nets (quivered)
 e - a javelin
Armour
 b - a +0 leather armour (worn)
 c - a +0 hat (worn)
Jewellery
 h - a ring of willpower
Scrolls
 f - 3 scrolls of identify {unknown}
 g - 4 scrolls of teleportation {unknown}
 k - a scroll of vulnerability {unknown}
 l - a scroll of immolation {unknown}
 m - a scroll of poison {unknown}
Potions
 i - 2 potions of curing {unknown}
 j - 2 potions of lignification {unknown}


   Skills:
 + Level 3.2 Fighting
 * Level 4.7 Axes
 - Level 2.0 Throwing
 + Level 3.8 Dodging


You had 2 spell levels left.
You didn't know any spells.
Your spell library contained the following spells:

 Spells                   Type           Power      Damage    Failure   Level
 Sandblast                Erth           0%         2d4       54%         1
 Passwall                 Tmut/Erth      0%         N/A       67%         2
 Ignite Poison            Fire/Tmut/Pois 0%         N/A       88%         3
 Stone Arrow              Conj/Erth      0%         3d7       88%         3
 Sticky Flame             Conj/Fire      0%         2d3       99%         4
 Ignition                 Fire           0%         3d3       100%        8


Dungeon Overview and Level Annotations

Branches:
Dungeon (2/15)

Altars:


Innate Abilities, Weirdness & Mutations

You have a pair of horns on your head.
You reflexively headbutt those who attack you in melee.


Message History

No target in view!
No target in view!
You start resting.
HP restored.
You start waiting.
Done waiting.
You see here a +0 club.
j - 2 black potions (gained 1)
Things that are here:
a +0 club; a +0 sling; a goblin skeleton
Found 2 stones. 2 gnolls come into view.
The gnoll shouts!
You hear a shout!
There are monsters nearby!
There are monsters nearby!
Things that are here:
a +0 club; a ball python skeleton
There is a stone staircase leading up here.
There is an escape hatch in the ceiling here.
You start waiting.
A gnoll is nearby!
The gnoll barely misses you. The gnoll misses you. You furiously retaliate!
You headbutt the gnoll! The gnoll closely misses you.
You hit the gnoll but do no damage. Your headbutt misses the gnoll.
The gnoll is almost dead.
The gnoll hits you with a +0 spear.
The gnoll hits you from afar with a +0 halberd.
You barely miss the gnoll. Your headbutt misses the gnoll.
The gnoll is almost dead.
The gnoll barely misses you.
The gnoll hits you from afar with a +0 halberd.
The gnoll hits you from afar with a +0 halberd!
* * * LOW HITPOINT WARNING * * *
The gnoll hits you with a +0 spear.
* * * LOW HITPOINT WARNING * * *
Unknown command.
The gnoll attacks as you move away! The gnoll completely misses you.
The gnoll hits you from afar with a +0 spear.
You die...

#.....##....##.................#
#.........#............#...)...#
#.........##............##)#####
#........##.............##.######
.................................
........####..........##........
.........###.....##..............
........###..###......###........
........###.....@......#.........
.............<...................
.....#####.#...gg....#.##########
...(.## #.#####)..###....#
#...###.###.....# ####.#
#..........)..######.####### ..
#....g......................
....#..............>............
.................................


You could see 2 gnolls.

Vanquished Creatures
  Robin (D:2)
  A worm (D:2)
  4 ball pythons
  5 endoplasms
  9 goblins
  4 hobgoblins (D:2)
  A kobold (D:1)
  3 quokkas
  A bat (D:1)
  A frilled lizard (D:1)
  3 rats (D:1)
33 creatures vanquished.

Notes
Turn   | Place    | Note
-------+----------+-------------------------------------------
     0 | D:1      | PoweredByGinger the Minotaur Gladiator began the quest for
                  | the Orb.
     0 | D:1      | Reached XP level 1. HP: 18/18 MP: 0/0
   285 | D:1      | Reached skill level 4 in Axes
   287 | D:1      | Reached XP level 2. HP: 25/25 MP: 1/1
   842 | D:2      | Reached XP level 3. HP: 16/31 MP: 2/2
   947 | D:2      | Noticed Robin
   952 | D:2      | Killed Robin
  1191 | D:2      | HP: 1/31 [gnoll/+0 spear (6)]
  1192 | D:2      | Slain by a gnoll

Illustrated notes

Levels and vault maps discovered:
D:1:      heliophobic_arrival_henge, layout_basic
D:2:      layout_rooms, basic_altar, uniq_robin

Skill      XL: |  1  2 |
---------------+-------+-----
Axes           | 4 |  4.7
Fighting       | 3 |  3.2
Throwing       | |  2.0
Dodging        | |  3.8

Action                     || total
---------------------------++-------
  Melee: War axe           ||    69
         Headbutt          ||     6
   Stab: Sleeping          ||     1
 Armour: Leather armour    ||    17
  Dodge: Dodged            ||    54
